 Dungeon Crawl Stone Soup version 0.30-a0-800-g7c544603b3 (webtiles) character file.

Game seed: 13487383689257659200

792 cheesebisquit the Trooper (level 7, -3/56 HPs)
             Began as a Minotaur Berserker on Feb 21, 2023.
             Was a Follower of Trog.
             Slain by Dowan
             ... wielding a +2 dagger of electrocution
              (11 damage)
             ... on level 4 of the Dungeon.
             The game lasted 00:09:57 (2264 turns).

cheesebisquit the Trooper (Minotaur Berserker)      Turns: 2264, Time: 00:09:57

Health: -3/56      AC: 16    Str: 22 (23) XL:     7   Next: 57%
Magic:  6/6        EV: 11    Int:  3 (4)  God:    Trog [*.....]
Gold:   94         SH:  3    Dex: 10      Spells: 6/6 levels left

rFire   . . .      SeeInvis .    t - +0 flail (protect)
rCold   . . .      Faith    .    g - +0 buckler
rNeg    . . .      Spirit   .    f - +0 ring mail
rPois   .          Reflect  .    e - +1 hat
rElec   .          Harm     .    (no cloak)
rCorr   .          Rampage  .    b - +0 pair of gloves
Will    .....                    j - +0 pair of boots Stlth
                                 (no amulet)
HPRegen 0.29/turn                (no ring)
MPRegen 0.10/turn                (no ring)

@: under a protective aura
A: horns 2, retaliatory headbutt, deterioration 2, frail 1
a: Renounce Religion, Berserk


You were on level 4 of the Dungeon.
You worshipped Trog.
Trog was aware of your devotion.
You visited 1 branch of the dungeon, and saw 5 of its levels.

You collected 94 gold pieces.

Inventory:

Hand Weapons
 a - a +0 hand axe
 t - a +0 flail of protection (weapon)
Armour
 b - a +0 pair of gloves (worn)
 e - a +1 hat (worn)
 f - a +0 ring mail (worn)
 g - a +0 buckler (worn)
 j - a +0 pair of boots (worn)
Jewellery
 c - an amulet of faith
Scrolls
 d - a scroll of poison
 i - a scroll of teleportation
 p - a scroll of blinking {unknown}
 r - a scroll of fog {unknown}


   Skills:
 + Level 6.1 Fighting
 - Level 5.1(5.8) Axes
 + Level 3.9(5.2) Maces & Flails
 + Level 5.4 Armour
 + Level 4.9 Dodging


You had 6 spell levels left.
You didn't know any spells.
Your spell library was empty.

Dungeon Overview and Level Annotations

Branches:
Dungeon (5/15)
 Temple: D:4-7

Altars:
Nemelex Xobeh
Xom

Annotations:
D:4 Dowan


Innate Abilities, Weirdness & Mutations

You have a pair of horns on your head.
You reflexively headbutt those who attack you in melee.
Your body often deteriorates upon taking damage.
You are frail. (-10% HP)


Message History

You barely miss Duvessa.
Duvessa is moderately wounded.
Duvessa closely misses you.
You sock Duvessa!
Duvessa is heavily wounded.
Duvessa closely misses you. Duvessa barely misses you.
You sock Duvessa! You headbutt Duvessa, but do no damage.
Duvessa is almost dead.
Duvessa hits you with a +0 short sword. Dowan barely misses you.
You furiously retaliate!
You headbutt Dowan! You barely miss Duvessa. You headbutt Duvessa.
You kill Duvessa!
Trog accepts your kill.
Dowan screams, "No!
Oh no!"
Dowan seems to find hidden reserves of power!
Dowan barely misses you. Dowan hits you but does no damage.
You feel your dexterity returning.
Your Fighting skill increases to level 6!
You barely miss Dowan. Your headbutt misses Dowan.
Dowan is heavily wounded.
Dowan closely misses you.
Dowan points at you and mumbles some strange words.
The stone arrow hits you!
Your body deteriorates!
You feel weakened.
You barely miss Dowan.
Dowan is heavily wounded.
Dowan hits you but does no damage.
You are electrocuted!
You hit Dowan. Your headbutt misses Dowan.
Dowan is severely wounded.
Dowan casts a spell at you. The shard of ice hits you!
Dowan hits you but does no damage.
You are electrocuted!
* * * LOW HITPOINT WARNING * * *
You barely miss Dowan. Your headbutt misses Dowan.
Dowan is severely wounded.
Dowan barely misses you. Dowan hits you but does no damage.
You barely miss Dowan.
Dowan is severely wounded.
Dowan hits you but does no damage.
You are electrocuted!
You die...

#....# ._ #.##.# . #.##.#
.## ### #.##'#### # #..
..# #.#.....# #.#.####.#
#.......# #.#.##.#.#
##......# #......#.#
#......######.##.#.####
#......')@e...........###
#......######......##...##
#..................####.e.
#..................## ###.
#.................... ##
####...................)..
#########..........####
#..........# ##########


You could see Dowan (fast).

Vanquished Creatures
  Pikel (D:5)
  Duvessa (D:4)
  An ice beast (D:5)
  3 lemures (D:5)
  2 orc wizards (D:3)
  4 adders
  4 orcs (D:3)
  2 endoplasms
  A giant cockroach (D:3)
  3 goblins
  2 hobgoblins
  4 quokkas
  9 ball pythons
  4 bats
  5 kobolds
  3 rats
49 creatures vanquished.

Vanquished Creatures (others)
  A plant (D:5)
1 creature vanquished.

Grand Total: 50 creatures vanquished

Notes
Turn   | Place    | Note
-------+----------+-------------------------------------------
     0 | D:1      | cheesebisquit the Minotaur Berserker began the quest for
                  | the Orb.
     0 | D:1      | Reached XP level 1. HP: 19/19 MP: 0/0
   313 | D:1      | Reached XP level 2. HP: 21/27 MP: 1/1
   788 | D:2      | Reached XP level 3. HP: 30/33 MP: 2/2
   814 | D:2      | Reached skill level 4 in Fighting
   925 | D:2      | Found a faded altar of an unknown god.
  1042 | D:2      | Found a shimmering altar of Xom.
  1248 | D:3      | Reached ** piety under Trog
  1249 | D:3      | Reached XP level 4. HP: 35/40 MP: 3/3
  1537 | D:3      | Reached skill level 5 in Axes
  1573 | D:3      | You fall into a shaft and drop 2 floors!
  1573 | D:5      | Entered Level 5 of the Dungeon
  1728 | D:5      | Noticed a lemure
  1728 | D:5      | Noticed a lemure
  1728 | D:5      | Noticed a lemure
  1738 | D:5      | Killed a lemure
  1739 | D:5      | Noticed an ice beast
  1741 | D:5      | Noticed Pikel
  1745 | D:5      | Killed a lemure
  1745 | D:5      | Noticed a lemure
  1750 | D:5      | Killed a lemure
  1764 | D:5      | Gained mutation: You are frail. (-10% HP) [potion of
                  | mutation]
  1764 | D:5      | Gained mutation: Your body sometimes deteriorates upon
                  | taking damage. [potion of mutation]
  1764 | D:5      | Gained mutation: Your body often deteriorates upon taking
                  | damage. [potion of mutation]
  1889 | D:5      | Killed Pikel
  1890 | D:5      | Reached skill level 5 in Fighting
  1890 | D:5      | Reached skill level 5 in Armour
  1890 | D:5      | Reached XP level 5. HP: 29/45 MP: 4/4
  1890 | D:5      | Reached XP level 6. HP: 33/51 MP: 5/5
  1890 | D:5      | Reached XP level 7. HP: 36/55 MP: 6/6
  2101 | D:4      | Found a sparkling altar of Nemelex Xobeh.
  2121 | D:4      | Noticed Duvessa
  2121 | D:4      | Noticed Dowan
  2259 | D:4      | Killed Duvessa
  2260 | D:4      | Reached skill level 6 in Fighting
  2264 | D:4      | Slain by Dowan

Illustrated notes

Levels and vault maps discovered:
D:1:      saegor_arrival_simple_a, layout_loops_cross
D:2:      layout_rooms, shapermc_ecumenical_altar_totnotflames, basic_altar,
          serial_curves, eino_curves_02, eino_curves_01
D:3:      layout_loops_cross, uniq_grinder
D:4:      layout_basic, nemelex_xobeh_ov_fountains_minmay,
          mainiacjoe_overflow_large_starburst, uniq_duvessa
D:5:      corexii_shack_village, layout_basic,
          worldfamousw_hep_ancestral_shrine, serial_shops, shop, uniq_sigmund,
          uniq_pikel, uniq_edmund

Skill      XL: |  1  2  3  4  5  6  7 |
---------------+----------------------+-----
Axes           | 4 5 |  5.1
Fighting       | 4 5 6 |  6.1
Armour         | 3 5 |  5.4
Dodging        | 4 |  4.9
Maces & Flails | 3 |  3.9

Action                     |  1- 3 |  4- 6 |  7- 9 || total
---------------------------+-------+-------+-------++-------
  Melee: Hand axe          |    73 |    28 |       ||   101
         Headbutt          |     2 |     4 |     6 ||    12
         Punch             |     1 |       |       ||     1
         Unarmed           |       |    28 |       ||    28
         Flail             |       |    14 |    20 ||    34
 Invoke: Berserk           |       |     2 |       ||     2
         Trog's Hand       |       |     2 |       ||     2
    Use: Potion            |       |     8 |       ||     8
         Scroll            |       |     3 |     3 ||     6
 Armour: Ring mail         |    27 |    19 |    11 ||    57
         Skin              |       |    25 |       ||    25
  Dodge: Dodged            |    54 |    17 |    13 ||    84
  Block: Buckler           |     5 |    10 |     2 ||    17

Table legend: (Time is in decaauts)
 A = Elapsed time spent in this place.
 B = Non-inter-level travel time spent in this place.
 C = Inter-level travel time spent in this place.
 D = Time resting spent in this place.
 E = Time spent auto-exploring this place.
 F = Levels seen in this place.
 G = Mean time per level.
                   A        B        C        D        E       F      G
               +--------+--------+--------+--------+--------+-----+--------+
         Total |   2293 |   2165 |    128 |    358 |   1347 |   5 |  458.6 |
       Dungeon |   2293 |   2165 |    128 |    358 |   1347 |   5 |  458.6 |
               +--------+--------+--------+--------+--------+-----+--------+

Top non-repeatable levels by time:
     D:1: 636 daAuts
     D:5: 602 daAuts
     D:2: 595 daAuts
     D:3: 365 daAuts
     D:4: 92 daAuts
